 Dungeon Crawl Stone Soup version 0.29.1-14-g9c671dbff4 (webtiles) character file.

Game seed: 10544057396419148903

772 MacCMillion the Conjurer (level 7, 0/50 HPs)
             Began as a Red Draconian Conjurer on Feb 20, 2023.
             Killed from afar by an orc wizard (5 damage)
             ... with a magic dart
             ... on level 5 of the Dungeon.
             The game lasted 00:16:37 (7785 turns).

MacCMillion the Conjurer (Red Draconian Conjurer)   Turns: 7785, Time: 00:16:38

Health: 0/50       AC:  7    Str: 10    XL:     7   Next: 53%
Magic:  11/13      EV: 12    Int: 20    God:
Gold:   6          SH:  0    Dex:  9    Spells: 7/14 levels left

rFire   + . .      SeeInvis .   g - +0 dagger
rCold   . . .      Faith    .   (no shield)
rNeg    . . .      Spirit   .   (body armour unavailable)
rPois   .          Reflect  .   (helmet restricted)
rElec   .          Harm     .   (no cloak)
rCorr   +          Rampage  .   m - +0 pair of gloves
Will    .....                   (no boots)
Stlth   ++........              (no amulet)
HPRegen 0.16/turn               d - ring of resist corrosion
MPRegen 0.13/turn               (no ring)

@: no status effects
A: breathe fire, AC +6, unfitting armour, fire resistance 1, cold-blooded
a: Breathe Fire


You were on level 5 of the Dungeon.
You visited 1 branch of the dungeon, and saw 5 of its levels.
You also visited: Sewer and Ossuary.

You collected 490 gold pieces.
You spent 484 gold pieces at shops.

Inventory:

Hand Weapons
 g - a +0 dagger (weapon)
Missiles
 x - 3 poisoned darts
Armour
 m - a +0 pair of gloves (worn)
Jewellery
 d - a ring of resist corrosion (left hand)
 n - a ring of fire
 q - a ring of willpower
 z - an amulet of faith
Wands
 F - a wand of digging (1)
Scrolls
 f - a scroll of vulnerability {unknown}
 i - a scroll of magic mapping {unknown}
 l - a scroll of enchant armour {unknown}
 o - 3 scrolls of identify
 r - 2 scrolls of fear {unknown}
 s - a scroll of amnesia {unknown}
 w - a scroll of enchant weapon {unknown}
 y - 2 scrolls of immolation {unknown}
 A - 2 scrolls of fog {unknown}
 B - a scroll of poison {unknown}
 C - a scroll of noise {unknown}
 E - 3 scrolls of teleportation
Potions
 a - 3 potions of magic
 b - a potion of degeneration {unknown}
 c - 2 potions of attraction
 e - 5 potions of heal wounds
 h - 2 potions of curing {unknown}
 j - 3 potions of haste
 k - 3 potions of lignification {unknown}
 p - 2 potions of flight {unknown}
 t - 2 potions of might {unknown}
 u - 3 potions of cancellation {unknown}
 v - 3 potions of brilliance {unknown}
 D - 2 potions of invisibility {unknown}


   Skills:
 - Level 1.7 Dodging
 - Level 3.0 Stealth
 - Level 4.0 Spellcasting
 + Level 7.2 Conjurations
 + Level 3.4 Translocations


You had 7 spell levels left.
You knew the following spells:

 Your Spells              Type           Power      Damage    Failure   Level
a - Magic Dart            Conj           100%       1d8       1%          1
b - Searing Ray           Conj           66%        2d6       1%          2
c - Iskenderun's Mystic   Conj/Tloc      25%        2d7       14%         4

Your spell library contained the following spells:

 Spells                   Type           Power      Damage    Failure   Level
 Dazzling Flash           Conj/Hex       36%        N/A       9%          3
 Gell's Gravitas          Tloc           17%        N/A       10%         3
 Lesser Beckoning         Tloc           17%        N/A       10%         3
 Teleport Other           Tloc           17%        N/A       10%         3
 Summon Small Mammal      Summ           16%        N/A       13%         1
 Fulminant Prism          Conj/Hex       9%         3d7       28%         4
 Call Canine Familiar     Summ           4%         N/A       36%         3
 Summon Guardian Golem    Hex/Summ       4%         N/A       36%         3
 Fireball                 Conj/Fire      9%         3d6       63%         5
 Starburst                Conj/Fire      9%         6d5       99%         6
 Ignition                 Fire           2%         3d3       100%        8


Dungeon Overview and Level Annotations

Branches:
Dungeon (5/15)              Sewer (visited)         Ossuary (visited)
 Temple: D:4-7

Altars:
Kikubaaqudgha
Vehumet

Shops:
D:3 =*[   D:4 :


Innate Abilities, Weirdness & Mutations

You can breathe blasts of fire.
Your fiery red scales are hard. (AC +6)
You cannot fit into any form of body armour.
Your flesh is heat resistant. (rF+)
You are cold-blooded and may be slowed by cold attacks.


Message History

You are confused.
You hit the orc but do no damage.
The orc is lightly wounded.
The orc hits you with a +0 hand axe. The orc wizard misses you.
The orc priest invokes the aid of Beogh against you.
Beogh smites you!
Unknown command.
You're too confused to move!
The orc hits you but does no damage.
The orc wizard hits you with a +0 dagger.
The orc priest hits you with a +0 whip.
The orc wizard attacks as you move away!
The orc wizard hits you but does no damage.
The orc wizard points at you and mumbles some strange words.
The magic dart hits you.
* * * LOW HITPOINT WARNING * * *
Unknown command.
The orc wizard barely misses you.
You hit the orc priest.
Your tail-slap misses the orc priest.
The orc priest is heavily wounded.
You feel less confused. The orc hits you but does no damage.
The gnoll hits you from afar with a +0 spear.
* * * LOW HITPOINT WARNING * * *
The orc priest barely misses you.
The orc wizard hits you but does no damage.
Unknown command.
The orc priest attacks as you move away!
The orc priest hits you with a +0 whip.
* * * LOW HITPOINT WARNING * * *
The orc barely misses you.
The orc priest calls upon Beogh to heal the orc.
The orc's wounds heal themselves!
The orc priest calls down the wrath of Beogh upon you.
Beogh smites you!
* * * LOW HITPOINT WARNING * * *
The orc wizard misses you.
Unknown command.
The orc wizard gestures at you while chanting.
The magic dart hits you.
You die...

........#...#.......##..##
........####'............#
#######....'.............#####
#..###.................## ####
#....'o........##........
...#####.###......)..##........
.........# #..gg.....##........
...####### #.o.o.....##########
...# #...o@....# ####
#######'#.# #....#.# #....#.#
#....#.# ########....#
#......'....# #.######....# #.#
#....#


You could see 2 orc priests, an orc wizard, 2 gnolls and an orc.

Vanquished Creatures
  A black bear (D:5)
  A kobold brigand (Sewer)
  A scorpion (D:5)
  A gnoll bouda (D:4)
  A hound (D:5)
  An iguana (D:5)
  9 mummies
  10 adders
  11 gnolls
  2 river rats (Sewer)
  6 worms
  2 dart slugs
  6 orcs
  2 bats
  11 endoplasms
  5 giant cockroaches
  2 gnoll zombies (Ossuary)
  6 goblins
  5 hobgoblins
  7 jackals
  5 quokkas
  6 ball pythons
  3 frilled lizards (D:1)
  2 hobgoblin zombies (Ossuary)
  15 kobolds
  2 kobold zombies (Ossuary)
  2 orc zombies (Ossuary)
  10 rats
135 creatures vanquished.

Vanquished Creatures (others)
  2 plants (D:3)
2 creatures vanquished.

Grand Total: 137 creatures vanquished

Notes
Turn   | Place    | Note
-------+----------+-------------------------------------------
     0 | D:1      | MacCMillion the Draconian Conjurer began the quest for the
                  | Orb.
     0 | D:1      | Reached XP level 1. HP: 14/14 MP: 3/3
   415 | D:1      | Reached XP level 2. HP: 20/20 MP: 0/5
  1187 | D:1      | Reached skill level 5 in Conjurations
  1266 | D:1      | Reached XP level 3. HP: 26/26 MP: 4/6
  1269 | D:1      | Learned a level 2 spell: Searing Ray
  2102 | D:2      | Reached XP level 4. HP: 33/33 MP: 4/7
  2844 | D:3      | Found Ymnussig's Jewellery Boutique.
  3244 | D:3      | Found Bucrepp's Armour Shoppe.
  3334 | D:3      | Found a faded altar of an unknown god.
  3337 | D:3      | Found Vireeqesh's Assorted Antiques.
  3700 | D:4      | Found a glowing drain.
  3709 | Sewer    | Entered a sewer
  3811 | Sewer    | Reached XP level 5. HP: 38/38 MP: 2/9
  3904 | Sewer    | Reached skill level 6 in Conjurations
  4837 | D:4      | Reached XP level 6. HP: 45/45 MP: 9/11
  5019 | D:4      | Learned a level 4 spell: Iskenderun's Mystic Blast
  5246 | D:4      | Found Mickesoto's Book Shoppe.
  5643 | D:4      | Reached skill level 1 in Translocations
  5978 | D:5      | Entered Level 5 of the Dungeon
  6137 | D:5      | Found a sand-covered staircase.
  6173 | Ossuary  | Entered an ossuary
  6719 | Ossuary  | Your scales start taking on a fiery red colour.
  6719 | Ossuary  | Reached XP level 7. HP: 50/50 MP: 7/13
  6719 | Ossuary  | Gained mutation: Your flesh is heat resistant. (rF+) [Red
                  | Draconian growth]
  7166 | D:4      | Bought a book of Fire for 484 gold pieces
  7335 | D:5      | Reached skill level 7 in Conjurations
  7736 | D:5      | Found an ancient bone altar of Kikubaaqudgha.
  7737 | D:5      | Found a radiant altar of Vehumet.
  7785 | D:5      | Killed from afar by an orc wizard

Illustrated notes

Levels and vault maps discovered:
D:1:      dpeg_arrival_rhombus, layout_basic, hangedman_feature_mirror
D:2:      layout_loops_cross
D:3:      kennysheep_six_static_rooms, layout_basic,
          shapermc_ecumenical_altar_acropolis, serial_shops,
          nicolae_shop_overgrown_old_shop, shop_fountains, shop
D:4:      layout_gridville, serial_shops, nicolae_shop_advertising_works
          [nicolae_subvault_shop_adworks], portal_sewer_entry_d
D:5:      minmay_bubble_buster, layout_basic, mainiacjoe_overflow_divided_tiny,
          gup_ossuary_entry_pyramid

Skill      XL: |  1  2  3  4  5  6  7 |
---------------+----------------------+-----
Conjurations   | 5 6 7 |  7.2
Spellcasting   | 3 4 |  4.0
Stealth        | 2 3 |  3.0
Translocations | 1 3 |  3.4
Dodging        | |  1.7

Action                   |  1- 3 |  4- 6 |  7- 9 || total
-------------------------+-------+-------+-------++-------
Melee: Unarmed           |    16 |       |       ||    16
       Tailslap          |     1 |     4 |       ||     5
       Dagger            |       |    13 |     2 ||    15
 Cast: Magic Dart        |    70 |   167 |    12 ||   249
       Searing Ray       |     1 |    26 |    12 ||    39
  Use: Scroll            |       |     5 |       ||     5
Armor: Skin              |     5 |    12 |    12 ||    29
Dodge: Dodged            |    11 |    19 |    19 ||    49
